 Dungeon Crawl Stone Soup version 0.21.1-1-g345015f (webtiles) character file.

1609 Fang the Chopper (level 8, -1/51 HPs)
             Began as a Gargoyle Berserker on June 6, 2018.
             Was a Priest of Trog.
             Slain by a wight
             ... wielding a cursed +5 spear
              (4 damage)
             ... on level 6 of the Dungeon.
             The game lasted 00:10:43 (6774 turns).

Fang the Chopper (Gargoyle Berserker)               Turns: 6774, Time: 00:10:43

Health: -1/51      AC:  8    Str: 24    XL:     8   Next: 95%
Magic:  8/8        EV: 14    Int:  7    God:    Trog [***...]
Gold:   360        SH:  0    Dex:  9    Spells: 7/7 levels left

rFire    . . .     SeeInvis .   a - +1 hand axe
rCold    . . .     Gourm    .   (no shield)
rNeg     + . .     Faith    .   v - +1 robe
rPois    ∞         Spirit   .   (no helmet)
rElec    +         Reflect  .   (no cloak)
rCorr    .         Harm     .   (no gloves)
MR       .....                  (no boots)
Stlth    ++........             (no amulet)
HPRegen  0.17/turn              f - +1 ring of evasion
MPRegen  0.11/turn              (no ring)

@: berserk cooldown, slowed, very slow
A: negative energy resistance 1, electricity resistance, unbreathing,
petrification resistance, rot immunity, AC +5
a: Berserk, Trog's Hand, Burn Spellbooks, Renounce Religion


You were on level 6 of the Dungeon.
You worshipped Trog.
Trog was most pleased with you.
You were not hungry.

You visited 1 branch of the dungeon, and saw 6 of its levels.

You collected 360 gold pieces.

Inventory:

Hand Weapons
 a - a +1 hand axe (weapon)
Armour
 b - a +1 animal skin
 v - a +1 robe (worn)
Jewellery
 f - a +1 ring of evasion (left hand)
 w - an uncursed amulet of rage {unknown}
Wands
 g - a wand of paralysis (14)
 p - a wand of flame (35)
Scrolls
 d - 7 scrolls of remove curse
 h - 5 scrolls of identify {unknown}
 k - a scroll of teleportation
 o - a scroll of magic mapping {unknown}
 q - a scroll of blinking {unknown}
 r - a scroll of immolation {unknown}
 u - a scroll of noise {unknown}
Potions
 e - 2 potions of heal wounds
 i - 2 potions of degeneration {unknown}
 j - a potion of curing {unknown}
 l - a potion of berserk rage {unknown}
 n - 2 potions of resistance {unknown}
 x - a potion of cancellation {unknown}
Books
 m - a book of Misfortune

   Spells                             Type                      Level
   a - Confusing Touch                Hexes                        1
   b - Confuse                        Hexes                        3
   c - Gell's Gravitas                Translocation                3
   d - Petrify                        Transmutation/Earth          4
   e - Metabolic Englaciation         Hexes/Ice                    5
   f - Yara's Violent Unravelling     Hexes/Transmutation          5
   Trog disapproves of the use of such an item.
 s - a Young Poisoner's Handbook

   Spells                             Type                      Level
   a - Sting                          Conjuration/Poison           1
   b - Poisonous Vapours              Poison/Air                   2
   c - Mephitic Cloud                 Conjuration/Poison/Air       3
   d - Olgreb's Toxic Radiance        Poison                       4
   e - Venom Bolt                     Conjuration/Poison           5
   Trog disapproves of the use of such an item.
 t - a book of Geomancy

   Spells                             Type                      Level
   a - Sandblast                      Earth                        1
   b - Passwall                       Transmutation/Earth          2
   c - Stone Arrow                    Conjuration/Earth            3
   d - Petrify                        Transmutation/Earth          4
   e - Lee's Rapid Deconstruction     Earth                        5
   Trog disapproves of the use of such an item.
Comestibles
 c - 12 rations


   Skills:
 + Level 6.1 Fighting
 + Level 7.5 Axes
 + Level 2.5 Armour
 + Level 4.4 Dodging
 + Level 3.9 Stealth


You had 7 spell levels left.
You didn't know any spells.

Dungeon Overview and Level Annotations

Branches:
Dungeon (6/15)
 Temple: D:4-7

Altars:
Cheibriados
Elyvilon
Fedhas
Hepliaklqana
Nemelex Xobeh
Qazlal
Ru
Wu Jian
The Shining One


Innate Abilities, Weirdness & Mutations

You are resistant to torment.
Your stone body is resilient. (AC +5)
You are immune to poison.
You resist negative energy. (rN+)
You are resistant to electric shocks. (rElec)
You can survive without breathing.
You are immune to petrification.
You are immune to rotting.


Message History

You slash the wight!
The wight is severely damaged.
The wight hits you but does no damage.
Unknown command.
You hit the wight.
The wight is severely damaged.
The wight closely misses you. The wight hits you but does no damage.
Unknown command.
You hit the wight.
The wight is severely damaged.
You are no longer berserk.
You are exhausted.
You feel yourself slow down.
Unknown command.
You barely miss the wight.
The wight is severely damaged.
The wight hits you with a trident.
* * * LOW HITPOINT WARNING * * *
The wight hits you from afar with an enchanted spear.
You die...

#........ #........
######........
#......)...... .
#.............
...#...z.....=...
.......z))....... .
#...@.)....... ...
######........
.....###....###..#.
..........#......#
......##..#......###
....................
.#####....##.(....#
#.##.......#.##
....#..#.......#


You could see 2 wights.

Vanquished Creatures
  Sigmund (D:5)
  2 sky beasts (D:5)
  A phantom (D:5)
  2 ogres (D:5)
  A centaur (D:5)
  A water moccasin zombie (D:4)
  A scorpion (D:5)
  3 wights (D:6)
  2 howler monkeys
  A crimson imp (D:5)
  A centaur zombie (D:5)
  2 centaur skeletons (D:4)
  2 hounds
  An iguana (D:5)
  2 orc wizards
  A bullfrog skeleton (D:4)
  4 worker ants
  A hound skeleton (D:5)
  10 adders
  5 gnolls
  A howler monkey skeleton (D:5)
  9 worms
  2 dart slugs
  5 leopard geckos
  7 orcs
  6 giant cockroaches
  6 goblins
  8 hobgoblins
  3 jackals (D:3)
  8 kobolds
  4 quokkas
  2 ball pythons
  5 bats
  A giant cockroach zombie (D:5)
  A leopard gecko zombie (D:5)
  A quokka skeleton (D:4)
  7 rats
120 creatures vanquished.

Notes
Turn   | Place    | Note
-------+----------+-------------------------------------------
     0 | D:1      | Fang the Gargoyle Berserker began the quest for the Orb.
     0 | D:1      | Reached XP level 1. HP: 14/14 MP: 1/1
    38 | D:1      | Found a sparkling altar of Nemelex Xobeh.
   170 | D:1      | Reached XP level 2. HP: 10/19 MP: 2/2
   615 | D:1      | Reached skill level 3 in Axes
   917 | D:2      | Reached XP level 3. HP: 20/24 MP: 3/3
  1153 | D:2      | Found a snail-covered altar of Cheibriados.
  1329 | D:2      | Found a stormy altar of Qazlal.
  1456 | D:2      | Reached ** piety under Trog
  1745 | D:3      | Reached skill level 1 in Stealth
  1745 | D:3      | Reached XP level 4. HP: 21/29 MP: 4/4
  1765 | D:3      | HP: 1/29 [orc/hand axe (5)]
  1809 | D:3      | Found an ornate altar of the Wu Jian Council.
  2233 | D:3      | Reached XP level 5. HP: 23/33 MP: 5/5
  2493 | D:3      | Found a sacrificial altar of Ru.
  2596 | D:3      | Reached skill level 4 in Axes
  3094 | D:4      | Reached XP level 6. HP: 34/39 MP: 6/6
  4212 | D:4      | Reached skill level 5 in Axes
  4264 | D:4      | Reached XP level 7. HP: 42/44 MP: 7/7
  4413 | D:4      | Found a blossoming altar of Fedhas.
  4413 | D:4      | Found a white marble altar of Elyvilon.
  4414 | D:4      | Found a glowing golden altar of the Shining One.
  4414 | D:4      | Found a hazy altar of Hepliaklqana.
  4642 | D:4      | Reached *** piety under Trog
  4733 | D:5      | Entered Level 5 of the Dungeon
  4804 | D:5      | Reached skill level 5 in Fighting
  4856 | D:5      | Reached skill level 6 in Axes
  5239 | D:5      | Reached XP level 8. HP: 44/49 MP: 8/8
  6043 | D:5      | Noticed Sigmund
  6087 | D:5      | Killed Sigmund
  6087 | D:5      | Reached skill level 7 in Axes
  6774 | D:6      | Slain by a wight

Skill      XL: |  1  2  3  4  5  6  7  8 |
---------------+-------------------------+-----
Axes           | 3 4 5 6 7 |  7.5
Dodging        | 2 3 4 |  4.4
Fighting       | 4 5 6 |  6.1
Stealth        | 1 2 3 |  3.9
Armour         | |  2.5

Action                   |  1- 3 |  4- 6 |  7- 9 || total
-------------------------+-------+-------+-------++-------
Melee: Hand axe          |   140 |   213 |   222 ||   575
Invok: Berserk           |     2 |     1 |     6 ||     9
  Use: Scroll            |     6 |       |       ||     6
 Stab: Sleeping          |       |     2 |     5 ||     7
  Eat: Chunk             |     3 |    10 |     4 ||    17
       Ration            |       |       |     3 ||     3
Armor: Animal skin       |    59 |    80 |    52 ||   191
       Robe              |       |       |    10 ||    10
Dodge: Dodged            |    99 |   135 |   135 ||   369
